 Dungeon Crawl Stone Soup version 0.30.1-11-g7821555f0a (webtiles) character file.

Game seed: 16125782648981226184

420 lonewolfV2 the Trooper (level 6, -3/61 HPs)
             Began as a Minotaur Fighter on Nov 14, 2023.
             Blown up by Ijyb (10 damage)
             ... with a mindburst bolt
             ... on level 4 of the Dungeon.
             The game lasted 00:04:14 (2856 turns).

lonewolfV2 the Trooper (Minotaur Fighter)           Turns: 2856, Time: 00:04:14

Health: -3/61      AC: 10    Str: 18 (20) XL:     6   Next: 62%
Magic:  7/7        EV:  9    Int:  2 (5)  God:
Gold:   158        SH:  9    Dex: 10 (12) Spells: 5/5 levels left

rFire   . . .        a - +0 war axe
rCold   . . .        c - +0 buckler
rNeg    . . .        b - +0 scale mail
rPois   .            (helmet restricted)
rElec   .            (no cloak)
rCorr   .            l - +2 pair of gloves
SInv    .            (no boots)
Will    .....        k - amulet of reflection Stlth
                     (no ring)
HPRegen 0.30/turn    (no ring)
MPRegen 0.10/turn

%: reflection
@: studying Throwing
A: horns 2, retaliatory headbutt
a: no special abilities


You were on level 4 of the Dungeon.
You visited 1 branch of the dungeon, and saw 4 of its levels.

You collected 158 gold pieces.

Inventory:

Hand Weapons
 a - a +0 war axe (weapon)
Armour
 b - a +0 scale mail (worn)
 c - a +0 buckler (worn)
 l - a +2 pair of gloves (worn)
Jewellery
 k - an amulet of reflection (around neck)
 n - a +6 ring of dexterity
Wands
 o - a wand of iceblast (15)
Scrolls
 m - a scroll of silence
 p - 2 scrolls of immolation
 q - a scroll of blinking
Potions
 d - a potion of might
 e - a potion of flight {unknown}
 f - a potion of heal wounds {unknown}
 g - a potion of lignification
 h - a potion of invisibility {unknown}
 i - a potion of curing {unknown}
 r - a potion of haste
 s - a potion of degeneration


   Skills:
 * Level 7.7 Fighting
 - Level 2.4 Axes
 - Level 3.6 Armour
 - Level 3.6 Shields
 + Level 3.7 Invocations


You had 5 spell levels left.
You didn't know any spells.
Your spell library contained the following spells:

 Spells                   Type           Power      Damage    Failure   Level
 Sting                    Tmut/Pois      0%         1d3       95%         1
 Summon Small Mammal      Summ           0%         N/A       95%         1
 Lesser Beckoning         Tloc           0%         N/A       98%         2
 Poisonous Vapours        Pois/Air       0%         N/A       98%         2
 Call Canine Familiar     Summ           0%         N/A       100%        3
 Gell's Gravitas          Tloc           0%         N/A       100%        3
 Summon Guardian Golem    Hex/Summ       0%         N/A       100%        3
 Teleport Other           Tloc           0%         N/A       100%        3
 Olgreb's Toxic Radiance  Pois           0%         N/A       100%        4


Dungeon Overview and Level Annotations

Branches:
Dungeon (4/15)
 Temple: D:4-7

Altars:

Shops:
D:3 *

Annotations:
D:4 Ijyb


Innate Abilities, Weirdness & Mutations

You have a pair of horns on your head.
You reflexively headbutt those who attack you in melee.


Message History

Key pressed, stopping explore.
Could not explore, unopened door.
You open the door.
Key pressed, stopping explore.
There is an open door here.
Things that are here:
a +0 spear; a +0 robe A quokka comes into view.
Found a leather armour.
A quokka is nearby!
A quokka is nearby!
A quokka is nearby!
The quokka bites you but does no damage.
You block the quokka's attack.
The quokka bites you but does no damage.
You block the quokka's attack.
The quokka bites you but does no damage.
You slash the quokka!
You kill the quokka!
You see here a quokka corpse.
Ijyb the Twisted Goblin comes into view.
She is wielding a +0 club and carrying a wand of mindburst (8).
Ijyb shouts!
You hear a shout!
Ijyb zaps a wand.
Your mind is blasted!
Ijyb is nearby!
Ijyb is nearby!
Ijyb zaps a wand.
Your mind is blasted!
Ijyb zaps a wand.
Your mind is blasted!
You barely miss Ijyb. Ijyb barely misses you.
You slash Ijyb!
Ijyb is moderately wounded.
Ijyb zaps a wand.
Your mind is blasted!
* * * LOW HITPOINT WARNING * * *
It was a potion of degeneration.
There was something very wrong with that liquid.
You feel weakened.
You feel dopey.
You feel clumsy. Ijyb hits you but does no damage.
A scorpion comes into view.
It was a potion of cancellation.
You feel magically purged.
Ijyb zaps a wand.
Your mind is blasted!
You die...

#......[........##
#...............#
#.....###########
#.....# #.....#
#.....# #.....#
..###+#.....#
......g@.####
.........#
.........#
.........#
.........#
.........#
.........#
.s.......#


You could see Ijyb and a scorpion.

Vanquished Creatures
  Sigmund (D:2)
  A kobold brigand (D:4)
  A wight (D:4)
  4 gnolls (D:3)
  3 adders
  An ufetubus (D:4)
  2 dart slugs (D:1)
  3 orcs (D:3)
  9 ball pythons
  3 endoplasms (D:1)
  3 giant cockroaches
  7 goblins
  3 hobgoblins
  6 quokkas
  8 bats
  A frilled lizard (D:2)
  10 kobolds
  5 rats
71 creatures vanquished.

Notes
Turn   | Place    | Note
-------+----------+-------------------------------------------
     0 | D:1      | lonewolfV2 the Minotaur Fighter began the quest for the
                  | Orb.
     0 | D:1      | Reached XP level 1. HP: 19/19 MP: 0/0
   149 | D:1      | Reached skill level 4 in Fighting
   152 | D:1      | Reached XP level 2. HP: 26/27 MP: 1/1
   230 | D:1      | Reached skill level 1 in Invocations
   490 | D:1      | Reached XP level 3. HP: 34/34 MP: 1/3
   977 | D:2      | Reached skill level 5 in Fighting
  1148 | D:2      | Noticed Sigmund
  1168 | D:2      | Killed Sigmund
  1169 | D:2      | Reached skill level 6 in Fighting
  1169 | D:2      | Reached XP level 4. HP: 24/45 MP: 3/5
  1169 | D:2      | Reached XP level 5. HP: 28/51 MP: 3/6
  2068 | D:3      | Reached skill level 7 in Fighting
  2068 | D:3      | Reached XP level 6. HP: 59/60 MP: 7/7
  2164 | D:3      | Found Peut's Assorted Antiques.
  2846 | D:4      | Noticed Ijyb
  2856 | D:4      | Blown up by Ijyb

Illustrated notes

Levels and vault maps discovered:
D:1:      minmay_arrival_pointy, layout_basic
D:2:      minmay_spotlight, layout_basic, minmay_fractal_squares_5, uniq_sigmund
D:3:      layout_basic, serial_shops, nicolae_shop_tiny_statue_garden,
          st_stairs_3
D:4:      layout_gridville, minmay_manual_mess, uniq_ijyb

Skill      XL: |  1  2  3  4  5 |
---------------+----------------+-----
Fighting       | 4 6 7 |  7.7
Invocations    | 1 2 3 |  3.7
Axes           | |  2.4
Armour         | |  3.6
Shields        | |  3.6

Action                     |  1- 3 |  4- 6 || total
---------------------------+-------+-------++-------
  Melee: War axe           |    80 |    98 ||   178
         Headbutt          |     9 |    21 ||    30
    Use: Scroll            |     4 |     9 ||    13
         Potion            |       |     2 ||     2
 Armour: Scale mail        |    33 |    41 ||    74
  Dodge: Dodged            |    27 |    31 ||    58
  Block: Buckler           |    21 |    46 ||    67
